 Dungeon Crawl Stone Soup version 0.30.1-11-g7821555f0a (webtiles) character file.

Game seed: 3658430930031245480

2506 fireball365 the Cleaver (level 9, -16/79 HPs)
             Began as a Hill Orc Fighter on Dec 15, 2023.
             Was an Initiate of Gozag.
             Demolished by a two-headed ogre
             ... wielding a +0 giant spiked club
              (21 damage)
             ... on level 7 of the Dungeon.
             The game lasted 00:10:23 (6310 turns).

fireball365 the Cleaver (Hill Orc Fighter)          Turns: 6310, Time: 00:10:29

Health: -16/79     AC: 14    Str: 23    XL:     9   Next: 53%
Magic:  9/9        EV:  9    Int:  8    God:    Gozag
Gold:   527        SH:  5    Dex: 10    Spells: 8/8 levels left

rFire   . . .        a - +0 war axe
rCold   . . .        c - +0 buckler
rNeg    . . .        D - +0 chain mail
rPois   .            (no helmet)
rElec   .            E - +1 cloak
rCorr   .            t - +0 pair of gloves
SInv    .            (no boots)
Will    .....        (no amulet) Stlth
                     (no ring)
HPRegen 0.33/turn    (no ring)
MPRegen 0.11/turn

%: no passive effects
@: about to teleport
A: no striking features
a: Renounce Religion, Convert to Beogh, Potion Petition, Call Merchant, Bribe
Branch


You were on level 7 of the Dungeon.
You worshipped Gozag.
Gozag was pleased with you.
You visited 1 branch of the dungeon, and saw 7 of its levels.

You collected 598 gold pieces.
You paid 71 gold pieces to Gozag.

Inventory:

Hand Weapons
 a - a +0 war axe (weapon)
Missiles
 s - 9 atropa-tipped darts (quivered)
 A - 5 boomerangs
Armour
 c - a +0 buckler (worn)
 t - a +0 pair of gloves (worn)
 D - a +0 chain mail (worn)
 E - a +1 cloak (worn)
Wands
 u - a wand of charming (14)
Scrolls
 b - a scroll of identify
 h - 3 scrolls of magic mapping
 i - a scroll of blinking {unknown}
 m - a scroll of silence {unknown}
 n - a scroll of immolation {unknown}
 o - a scroll of enchant weapon {unknown}
 p - a scroll of noise {unknown}
 r - 3 scrolls of poison
 y - a scroll of vulnerability {unknown}
 z - a scroll of summoning {unknown}
 C - a scroll of amnesia {unknown}
Potions
 d - 3 potions of might
 e - a potion of heal wounds {unknown}
 j - 4 potions of curing
 k - 2 potions of degeneration
 l - a potion of magic {unknown}
 q - a potion of ambrosia {unknown}
 w - a potion of invisibility {unknown}
 x - 2 potions of mutation {unknown}


   Skills:
 + Level 7.1 Fighting
 + Level 11.4 Axes
 + Level 7.4 Armour
 + Level 1.8 Dodging
 + Level 0.4 Stealth
 + Level 5.2 Shields


You had 8 spell levels left.
You didn't know any spells.
Your spell library contained the following spells:

 Spells                   Type           Power      Damage    Failure   Level
 Necrotise                Necr           0%         1d4       95%         1
 Cigotuvi's Dreadful Rot  Necr/Pois/Air  0%         N/A       99%         2
 Lesser Beckoning         Tloc           0%         N/A       99%         2
 Gell's Gravitas          Tloc           0%         N/A       100%        3
 Ignite Poison            Fire/Tmut/Pois 0%         N/A       100%        3
 Teleport Other           Tloc           0%         N/A       100%        3
 Vampiric Draining        Necr           0%         2d6       100%        3
 Agony                    Necr           0%         N/A       100%        5
 Fireball                 Conj/Fire      0%         3d3       100%        5
 Freezing Cloud           Conj/Ice/Air   0%         6-21      100%        5
 Iskenderun's Battlesphe  Conj           0%         2d6       100%        5
 Conjure Ball Lightning   Conj/Air       0%         3x3d6     100%        6
 Orb of Destruction       Conj           0%         9d5       100%        7


Dungeon Overview and Level Annotations

Branches:
Dungeon (7/15)             Temple (0/1) D:6

Altars:
Dithmenos
Gozag
Kikubaaqudgha
Okawaru
Ru
Zin
The Shining One


Message History

You closely miss something. Something hits you. Something shocks you.
You barely miss something. Something hits you but does no damage.
You barely miss something. Something hits you but does no damage.
You miss something. Something hits you but does no damage.
You barely miss something. Something completely misses you.
You slash something!
Reactivating autopickup.
You feel a bit more experienced.
Found an onyx ring.
You now have 527 gold pieces (gained 19).
Found three items.
A two-headed ogre and a howler monkey come into view.
The howler monkey howls!
You hear a shout!
An orc warrior comes into view. It is wielding a +0 mace.
Something hits you!
Deactivating autopickup; reactivate with Ctrl-A.
Something hits you but does no damage.
A sky beast comes into view.
Found a potion of haste.
The two-headed ogre hits you with a +0 giant spiked club!!
The two-headed ogre hits you but does no damage.
As you read the scroll of teleportation, it crumbles to dust.
You feel strangely unstable.
An orc priest comes into view. It is wielding a +0 dagger.
Something hits you.
The two-headed ogre hits you with a +0 giant spiked club!
The two-headed ogre hits you with a +0 giant club!
The orc priest threatens, "By the altar or by the axe, you will meet Beogh!" (press Y on the ability menu to convert to Beogh)
You hit the two-headed ogre but do no damage.
You hit the sky beast but do no damage. You hit something but do no damage.
Something hits you but does no damage.
The sky beast hits you but does no damage.
You hit the two-headed ogre but do no damage.
You barely miss the sky beast. The sky beast barely misses you.
The two-headed ogre hits you with a +0 giant spiked club!!
* * * LOW HITPOINT WARNING * * *
The two-headed ogre hits you with a +0 giant club!!
You die...
Your body crumbles into a pile of gold.

*.#,*,*,,*,*,,*,*,*,*,,,*,*,*
*.#,.#,,*,$,*,,#.,*,*,*,*,*,,
#####.#,#.#,,*,*,,#.#,*,*,,,*,*,*
......#,#..#,,*,,#..#,*,,***,,*,*
......#,*#..#,,,#..#**,*,,,,,*,**
.)....#,,##..#,#..#* **,*****,**,
......#*,.##..#..** **,,,,,**,,
###'#.###..###.### ***,***,,,
###.#.....##....@#* **,,,,,**,,
.........##.##hO#Y#* **,,*,*,,**,
###.))..##.##..o##.#**,,**,*,,,**
#####)..#.##....=#..#,,,*,,*,^,,*
........#..##..o}#*!#,*,,,,*,,,,*
............##.:}#,..,*,,,,,,**,,
.####.#.#..##..}|#*,#.**,*,,,**,*
,**.....#.##,...|#,,*..,,*,,,,,,*
,*#.....##.**,,,**,***,,**,,,,,**


You could see a two-headed ogre, an orc warrior, a sky beast, a howler monkey
and an orc priest.

Vanquished Creatures
  Pikel (D:6)
  Sigmund (D:4)
  A steam dragon (D:6)
  Duvessa (D:4)
  Pargi (D:3)
  An orc warrior (D:6)
  An ice beast (D:6)
  3 sky beasts (D:7)
  A black bear (D:3)
  3 ogres
  A phantom (D:5)
  A lemure (D:6)
  A scorpion (D:5)
  Dowan (D:4)
  3 jellies
  3 hounds
  An iguana (D:5)
  2 orc wizards
  2 sleepcaps
  8 adders
  6 gnolls
  A white imp (D:5)
  An ufetubus (D:5)
  2 worms
  3 dart slugs (D:1)
  25 orcs
  7 ball pythons
  6 endoplasms
  3 giant cockroaches
  10 goblins
  6 hobgoblins
  14 jackals
  5 kobolds
  2 bats
  3 frilled lizards (D:1)
  4 rats
135 creatures vanquished.

Vanquished Creatures (others)
  An orc (D:6)
1 creature vanquished.

Grand Total: 136 creatures vanquished

Notes
Turn   | Place    | Note
-------+----------+-------------------------------------------
     0 | D:1      | fireball365 the Hill Orc Fighter began the quest for the
                  | Orb.
     0 | D:1      | Reached XP level 1. HP: 19/19 MP: 1/1
   117 | D:1      | Reached XP level 2. HP: 27/27 MP: 2/2
   161 | D:1      | Reached skill level 3 in Axes
   239 | D:1      | Reached XP level 3. HP: 33/33 MP: 3/3
  1086 | D:2      | Reached XP level 4. HP: 31/41 MP: 4/4
  1195 | D:2      | Reached skill level 4 in Axes
  1636 | D:3      | Found a faded altar of an unknown god.
  1768 | D:3      | Noticed Pargi
  1781 | D:3      | Killed Pargi
  1782 | D:3      | Reached XP level 5. HP: 24/47 MP: 5/5
  1917 | D:3      | Found an ancient bone altar of Kikubaaqudgha.
  2153 | D:3      | Noticed a black bear
  2160 | D:3      | Killed a black bear
  2161 | D:3      | Reached skill level 5 in Axes
  2161 | D:3      | Reached skill level 5 in Armour
  2161 | D:3      | Reached XP level 6. HP: 39/55 MP: 6/6
  2897 | D:4      | Reached skill level 5 in Fighting
  3038 | D:4      | Noticed Duvessa
  3039 | D:4      | Noticed Dowan
  3052 | D:4      | Killed Duvessa
  3053 | D:4      | Reached skill level 6 in Axes
  3053 | D:4      | Reached skill level 1 in Dodging
  3053 | D:4      | Reached XP level 7. HP: 28/61 MP: 7/7
  3064 | D:4      | Killed Dowan
  3231 | D:4      | Noticed Sigmund
  3276 | D:4      | Killed Sigmund
  3277 | D:4      | Reached skill level 7 in Axes
  3418 | D:4      | Found an iron altar of Okawaru.
  4041 | D:5      | Entered Level 5 of the Dungeon
  4125 | D:5      | Reached skill level 8 in Axes
  4125 | D:5      | Reached XP level 8. HP: 69/69 MP: 8/8
  4382 | D:5      | Found a glowing silver altar of Zin.
  4382 | D:5      | Found an opulent altar of Gozag.
  4425 | D:5      | Became a worshipper of Gozag Ym Sagoz the Greedy
  4465 | D:5      | Found a shadowy altar of Dithmenos.
  4471 | D:5      | Identified the +2 hand axe "Evveadamm" {venom, Dex+3}
  4631 | D:5      | Reached skill level 9 in Axes
  4761 | D:6      | Noticed Pikel
  4782 | D:6      | Killed Pikel
  4783 | D:6      | Reached skill level 10 in Axes
  4783 | D:6      | Reached XP level 9. HP: 19/78 MP: 9/9
  5051 | D:6      | Reached skill level 5 in Shields
  5105 | D:6      | Found a staircase to the Ecumenical Temple.
  5128 | D:6      | Reached skill level 11 in Axes
  5516 | D:6      | Found a glowing golden altar of the Shining One.
  5869 | D:7      | Found a sacrificial altar of Ru.
  6305 | D:7      | Noticed a two-headed ogre
  6310 | D:7      | Demolished by a two-headed ogre

Illustrated notes

Levels and vault maps discovered:
D:1:      ebering_trefoil_twist, layout_loops_ring, corexii_hall_statues_s
D:2:      layout_basic, minmay_pentomino_pile
D:3:      layout_basic, mainiacjoe_overflow_boulevard,
          ebering_ecumenical_altar_abandoned, uniq_pargi
D:4:      layout_loops_ring, okawaru_ov_weapons_minmay, uniq_sigmund,
          uniq_duvessa
D:5:      layout_rooms, lemuel_round_altar,
          grunt_temple_overflow_gold_and_silver
D:6:      lemuel_ice_spiral_2, layout_rooms, overflow_temple_1_default,
          minmay_temple_entry_statues_fountains, uniq_pikel
D:7:      minmay_the_grid_octo_2x2 [minmay_the_grid_octo_thin_diamonds,
          minmay_the_grid_octo_concentric, minmay_the_grid_octo_tetromino_candy,
          minmay_the_grid_octo_prize_ultimate_mussel_roller], layout_basic,
          nicolae_ru_awakened_eye, lemuel_tele_altar, hellmonk_bongcloud_opening

Skill      XL: |  1  2  3  4  5  6  7  8  9 |
---------------+----------------------------+-----
Fighting       | 4 5 6 7 |  7.1
Axes           | 3 4 5 6 8 10 11 | 11.4
Armour         | 4 5 6 7 |  7.4
Shields        | 4 5 |  5.2
Dodging        | 1 |  1.8
Stealth        | |  0.4

Action                     |  1- 3 |  4- 6 |  7- 9 || total
---------------------------+-------+-------+-------++-------
  Melee: War axe           |    91 |    98 |   331 ||   520
    Use: Scroll            |       |       |     7 ||     7
         Potion            |       |       |     2 ||     2
   Stab: Distracted        |       |       |     1 ||     1
 Armour: Scale mail        |    38 |    63 |    62 ||   163
         Chain mail        |       |       |   109 ||   109
  Dodge: Dodged            |    47 |    39 |   108 ||   194
  Block: Buckler           |    20 |    22 |    55 ||    97
